 Dungeon Crawl Stone Soup version 0.22-a0-614-g34fbaa0 (webtiles) character file.

1435 CougarLife the Shield-Bearer (level 8, -1/67 HPs)
             Began as a Gnoll Fighter on July 20, 2018.
             Slain by an orc
             ... wielding a +0 flail
              (2 damage)
             ... on level 5 of the Dungeon.
             The game lasted 00:08:03 (5422 turns).

CougarLife the Shield-Bearer (Gnoll Fighter)        Turns: 5422, Time: 00:08:04

Health: -1/67      AC: 14    Str: 20    XL:     8   Next: 73%
Magic:  13/13      EV:  8    Int: 10    God:
Gold:   142        SH: 16    Dex: 16    Spells: 13/13 levels left

rFire    . . .     SeeInvis +   a - +0 war axe
rCold    . . .     Gourm    .   j - +0 large shield
rNeg     . . .     Faith    .   b - +0 scale mail
rPois    .         Spirit   .   h - +0 helmet
rElec    .         Reflect  .   n - +0 cloak
rCorr    .         Harm     .   t - +2 pair of gloves
MR       .....                  (no boots)
Stlth    +.........             (no amulet)
HPRegen  0.21/turn              o - ring of see invisible
MPRegen  0.13/turn              (no ring)

@: no status effects
A: distributed training, fangs 1, strong nose
a: no special abilities


You were on level 5 of the Dungeon.
You were not hungry.

You visited 1 branch of the dungeon, and saw 5 of its levels.
You also visited: Sewer.

You collected 142 gold pieces.

Inventory:

Hand Weapons
 a - a +0 war axe (weapon)
Armour
 b - a +0 scale mail (worn)
 h - a +0 helmet (worn)
 j - a +0 large shield (worn)
 n - a +0 cloak (worn)
 t - a +2 pair of gloves (worn)
Jewellery
 o - a ring of see invisible (left hand)
 p - an uncursed amulet of regeneration {unknown}
Scrolls
 c - a scroll of noise {unknown}
 e - 2 scrolls of blinking {unknown}
 i - 2 scrolls of remove curse
 l - a scroll of magic mapping {unknown}
 v - a scroll of enchant armour {unknown}
Potions
 g - a potion of lignification {unknown}
 k - a potion of mutation {unknown}
 m - 2 potions of heal wounds {unknown}
 r - 2 potions of curing {unknown}
 s - a potion of brilliance {unknown}
 u - a potion of degeneration {unknown}
Comestibles
 f - 6 rations


   Skills:
 + Level 7.4 Fighting
 + Level 3.4 Short Blades
 + Level 3.4 Long Blades
 + Level 5.8 Axes
 + Level 3.4 Maces & Flails
 + Level 3.4 Polearms
 + Level 3.4 Staves
 + Level 3.4 Slings
 + Level 3.4 Bows
 + Level 3.4 Crossbows
 + Level 3.4 Throwing
 + Level 7.4 Armour
 + Level 3.4 Dodging
 + Level 3.4 Stealth
 + Level 7.4 Shields
 + Level 3.4 Unarmed Combat
 + Level 3.4 Spellcasting
 + Level 2.8 Conjurations
 + Level 2.8 Hexes
 + Level 2.8 Charms
 + Level 2.8 Summonings
 + Level 2.8 Necromancy
 + Level 2.8 Translocations
 + Level 2.8 Transmutations
 + Level 2.8 Fire Magic
 + Level 2.8 Ice Magic
 + Level 2.8 Air Magic
 + Level 2.8 Earth Magic
 + Level 2.8 Poison Magic
 + Level 3.8 Invocations
 + Level 3.4 Evocations


You had 13 spell levels left.
You didn't know any spells.
Your spell library was empty.

Dungeon Overview and Level Annotations

Branches:
Dungeon (5/15)
 Temple: D:4-7

Altars:
Makhleb
Qazlal
Sif Muna
Yredelemnul


Innate Abilities, Weirdness & Mutations

Your experience applies equally to all skills.
You have very sharp teeth.
Your uncanny sense of smell can sniff out nearby items.


Message History

* * * LOW HITPOINT WARNING * * *
The orc wizard barely misses you.
The orc wizard gestures at you while chanting.
The magic dart hits you! You block the gnoll's attack.
The gnoll hits you but does no damage. You block the gnoll's attack.
You block the orc wizard's attack. x2; The gnoll hits you but does no damage.
The gnoll closely misses you. You block the orc wizard's attack.
The gnoll hits you but does no damage.
The orc wizard points at you and mumbles some strange words.
The puff of flame hits you! The gnoll hits you but does no damage.
Things that are here:
a trident of protection; a ring mail You closely miss the gnoll.
You hit the gnoll. You hit the orc.
Your shield and scale mail prevent you from hitting the orc wizard.
You hit the orc wizard. You hit the gnoll.
The orc wizard points at you and mumbles some strange words.
The magic dart hits you!
* * * LOW HITPOINT WARNING * * *
You block the orc wizard's attack. The orc hits you with a flail.
You die...

##. #..##.# #... .#.....g
#.... ...o... #....####
#...# ### ...#...(## #...#
#... .........####...#####
#.##
........<...........###...
......(.goo)).........#..#
.......gg@o).)......#.#..#
.......sg####...###......#
...##...## #...# #.#.#...
#.......# #...# #.#.##.. #
......# #...# #.#.....
##..#.# ##.## #.####.#
.... #.# #.####.. ##.#
#.####>...... ###.#
#.##... ...#.


You could see a scorpion, 2 orc wizards, 4 gnolls and an orc.

Vanquished Creatures
  Sigmund (D:3)
  2 phantoms (D:4)
  An ogre (D:5)
  3 big kobolds (Sewer)
  A gnoll sergeant (D:5)
  2 scorpions (D:4)
  A crimson imp (D:4)
  2 jellies (D:3)
  2 orc wizards
  2 worker ants
  3 hound skeletons (D:4)
  5 gnolls
  4 river rats (Sewer)
  11 adders
  10 oozes
  10 worms
  4 dart slugs
  4 leopard geckos
  25 orcs
  9 bats
  7 giant cockroaches
  3 goblins
  6 hobgoblins
  3 jackals (D:1)
  3 quokkas
  2 ball pythons
  4 frilled lizards
  2 gnoll zombies (D:3)
  21 kobolds
  2 leopard gecko zombies (D:5)
  A quokka skeleton (D:4)
  12 rats
168 creatures vanquished.

Vanquished Creatures (others)
  A fungus (D:3)
  9 toadstools (D:3)
10 creatures vanquished.

Grand Total: 178 creatures vanquished

Notes
Turn   | Place    | Note
-------+----------+-------------------------------------------
     0 | D:1      | CougarLife the Gnoll Fighter began the quest for the Orb.
     0 | D:1      | Reached XP level 1. HP: 23/23 MP: 1/1
   109 | D:1      | Reached XP level 2. HP: 29/29 MP: 2/2
   284 | D:1      | Reached XP level 3. HP: 35/35 MP: 3/3
  1057 | D:2      | Reached skill level 1 in Invocations
  1131 | D:1      | Reached skill level 1 in Short Blades
  1131 | D:1      | Reached skill level 1 in Long Blades
  1131 | D:1      | Reached skill level 1 in Maces & Flails
  1131 | D:1      | Reached skill level 1 in Polearms
  1131 | D:1      | Reached skill level 1 in Staves
  1131 | D:1      | Reached skill level 1 in Slings
  1131 | D:1      | Reached skill level 1 in Bows
  1131 | D:1      | Reached skill level 1 in Crossbows
  1131 | D:1      | Reached skill level 1 in Throwing
  1131 | D:1      | Reached skill level 1 in Dodging
  1131 | D:1      | Reached skill level 1 in Stealth
  1131 | D:1      | Reached skill level 1 in Unarmed Combat
  1131 | D:1      | Reached skill level 1 in Spellcasting
  1131 | D:1      | Reached skill level 1 in Evocations
  1131 | D:1      | Reached XP level 4. HP: 29/41 MP: 5/5
  1304 | D:2      | Reached skill level 1 in Conjurations
  1304 | D:2      | Reached skill level 1 in Hexes
  1304 | D:2      | Reached skill level 1 in Charms
  1304 | D:2      | Reached skill level 1 in Summonings
  1304 | D:2      | Reached skill level 1 in Necromancy
  1304 | D:2      | Reached skill level 1 in Translocations
  1304 | D:2      | Reached skill level 1 in Transmutations
  1304 | D:2      | Reached skill level 1 in Fire Magic
  1304 | D:2      | Reached skill level 1 in Ice Magic
  1304 | D:2      | Reached skill level 1 in Air Magic
  1304 | D:2      | Reached skill level 1 in Earth Magic
  1304 | D:2      | Reached skill level 1 in Poison Magic
  1474 | D:2      | Reached XP level 5. HP: 47/47 MP: 6/6
  1926 | D:2      | Found a burning altar of Makhleb.
  2279 | D:3      | Found a deep blue altar of Sif Muna.
  2323 | D:3      | Found a glowing drain.
  2338 | Sewer    | Entered a sewer
  2624 | Sewer    | Noticed a big kobold
  2638 | Sewer    | Killed a big kobold
  2638 | Sewer    | Reached XP level 6. HP: 49/53 MP: 8/8
  2745 | Sewer    | Reached skill level 5 in Axes
  2848 | Sewer    | Reached XP level 7. HP: 57/59 MP: 10/10
  3444 | D:3      | Noticed Sigmund
  3455 | D:3      | Killed Sigmund
  3783 | D:3      | Found a basalt altar of Yredelemnul.
  3949 | D:4      | Reached XP level 8. HP: 67/67 MP: 12/12
  4840 | D:4      | Found a stormy altar of Qazlal.
  5070 | D:5      | Entered Level 5 of the Dungeon
  5420 | D:5      | HP: 3/67 [orc/flail (1)]
  5422 | D:5      | HP: 1/67 [orc wizard/magic dart (3)]
  5422 | D:5      | Slain by an orc

Vault maps used:
D:1:      elethiomel_arrival_maze, serial_bayou_pond_d
D:2:      lemuel_round_altar
D:3:      cheibrodos_fertilizer, lemuel_zombie_altar_yredelemnul,
          lemuel_coloured_pillars_altar, cheibrodos_sewer_entry_sluice,
          uniq_sigmund
D:4:      nicolae_overflow_hidden_temple
D:5:      first_ration
Sewer:    sewer_co_tree

Skill      XL: |  1  2  3  4  5  6  7  8 |
---------------+-------------------------+-----
Invocations    | 1 2 3 |  3.8
Short Blades   | 1 2 3 |  3.4
Long Blades    | 1 2 3 |  3.4
Maces & Flails | 1 2 3 |  3.4
Polearms       | 1 2 3 |  3.4
Staves         | 1 2 3 |  3.4
Slings         | 1 2 3 |  3.4
Bows           | 1 2 3 |  3.4
Crossbows      | 1 2 3 |  3.4
Throwing       | 1 2 3 |  3.4
Dodging        | 1 2 3 |  3.4
Stealth        | 1 2 3 |  3.4
Unarmed Combat | 1 2 3 |  3.4
Spellcasting   | 1 2 3 |  3.4
Evocations     | 1 2 3 |  3.4
Conjurations   | 1 2 |  2.8
Hexes          | 1 2 |  2.8
Charms         | 1 2 |  2.8
Summonings     | 1 2 |  2.8
Necromancy     | 1 2 |  2.8
Translocations | 1 2 |  2.8
Transmutations | 1 2 |  2.8
Fire Magic     | 1 2 |  2.8
Ice Magic      | 1 2 |  2.8
Air Magic      | 1 2 |  2.8
Earth Magic    | 1 2 |  2.8
Poison Magic   | 1 2 |  2.8
Axes           | 5 |  5.8
Fighting       | 7 |  7.4
Armour         | 7 |  7.4
Shields        | 7 |  7.4

Action                   |  1- 3 |  4- 6 |  7- 9 || total
-------------------------+-------+-------+-------++-------
Melee: War axe           |    50 |   179 |   295 ||   524
       Bite              |     5 |    22 |    29 ||    56
  Use: Potion            |       |     1 |     2 ||     3
       Scroll            |       |       |     7 ||     7
  Eat: Chunk             |     1 |     6 |     6 ||    13
       Ration            |       |       |     1 ||     1
Armor: Scale mail        |    18 |    53 |   110 ||   181
Dodge: Dodged            |     3 |    31 |    69 ||   103
Block: Shield            |     8 |       |       ||     8
       Large shield      |    42 |   143 |   277 ||   462

Table legend:
 A = Spawn XP
 B = Non-spawn XP
 C = Spawn XP percentage of total XP
 D = Spawn monster count
 E = Non-spawn monster count
 F = Spawn count percentage of total count
 G = Total turns spent on level
                    A         B        C        D         E        F      G
               +---------+---------+-------+---------+---------+-------+---------
         Total |       0 |    2051 |   0.0 |       0 |     168 |   0.0 |  5422
               +---------+---------+-------+---------+---------+-------+---------
           D:1 |       0 |      75 |   0.0 |       0 |      20 |   0.0 |  1214
           D:2 |       0 |     118 |   0.0 |       0 |      23 |   0.0 |   816
           D:3 |       0 |     480 |   0.0 |       0 |      57 |   0.0 |  1030
           D:4 |       0 |     586 |   0.0 |       0 |      26 |   0.0 |  1325
           D:5 |       0 |     346 |   0.0 |       0 |      14 |   0.0 |   159
         Sewer |       0 |     446 |   0.0 |       0 |      28 |   0.0 |   878
               +---------+---------+-------+---------+---------+-------+---------
